 Dungeon Crawl Stone Soup version 0.23-a0-473-gc8aadda (webtiles) character file.

649 aurelian the Gusty (level 7, -7/36 HPs)
             Began as a Tengu Air Elementalist on Nov 27, 2018.
             Was a Follower of Vehumet.
             Shot with an arrow by a centaur (10 damage)
             ... on level 5 of the Dungeon.
             The game lasted 00:22:45 (6833 turns).

aurelian the Gusty (Tengu Air Elementalist)         Turns: 6833, Time: 00:22:46

Health: -7/36      AC:  2    Str:  8    XL:     7   Next: 53%
Magic:  12/13      EV: 12    Int: 18    God:    Vehumet [*.....]
Gold:   98         SH:  0    Dex: 14    Spells: 1/13 levels left

rFire    . . .     SeeInvis .   r - +1 quarterstaff
rCold    . . .     Gourm    .   (shield currently unavailable)
rNeg     . . .     Faith    .   a - +0 robe
rPois    .         Spirit   .   (helmet restricted)
rElec    .         Reflect  .   (no cloak)
rCorr    .         Harm     .   (no gloves)
MR       .....                  (boots unavailable)
Stlth    ++........             (no amulet)
HPRegen  0.12/turn              (no ring)
MPRegen  0.13/turn              (no ring)

@: swift, very quick
A: beak, talons 3, able to fly 1
a: Fly, Renounce Religion


You were on level 5 of the Dungeon.
You worshipped Vehumet.
Vehumet was aware of your devotion.
You were hungry.

You visited 1 branch of the dungeon, and saw 5 of its levels.

You collected 98 gold pieces.

Inventory:

Hand Weapons
 r - a +1 quarterstaff (weapon)
   (You found it on level 3 of the Dungeon)
Missiles
 b - 125 stones (quivered)
 s - a throwing net {!f}
Armour
 a - a +0 robe (worn)
Scrolls
 c - 2 scrolls of magic mapping
 j - a scroll of random uselessness {unknown}
 k - 2 scrolls of amnesia
 m - a scroll of blinking
Potions
 d - a potion of might
 f - a potion of mutation {!q}
 g - a potion of heal wounds {unknown}
 h - a potion of degeneration {unknown}
 l - 2 potions of brilliance
 n - a potion of flight
 q - 3 potions of curing {@q1}
Comestibles
 e - 6 rations {!d}


   Skills:
 - Level 2.1 Dodging
 + Level 2.1 Stealth
 + Level 3.7 Spellcasting
 * Level 6.5 Conjurations
 * Level 7.7 Air Magic


You had one spell level left.
You knew the following spells:

 Your Spells              Type           Power        Failure   Level  Hunger
a - Shock                 Conj/Air       ####         1%          1    None
b - Airstrike             Air            ####......   6%          4    ####...
c - Lightning Bolt        Conj/Air       ####......   22%         5    ######.
s - Swiftness             Chrm/Air       ###.....     4%          2    ##.....

Your spell library contained the following spells:

 Spells                   Type           Power        Failure   Level  Hunger
 Sting                    Conj/Pois      ###.         4%          1    None
 Static Discharge         Conj/Air       ####....     2%          3    ###....


Dungeon Overview and Level Annotations

Branches:
Dungeon (5/15)
 Temple: D:4-7

Altars:
Vehumet

Annotations:
D:2 exclusion: 2 downstairs
D:3 exclusion: downstairs
D:4 exclusion: downstairs
D:5 exclusion: centaur


Innate Abilities, Weirdness & Mutations

You have a beak for a mouth.
You have claws for feet.
You can fly.


Message History

Okay, then.
What are your orders? t - Shout!
Orders for allies: a - Attack new target. r - Retreat! s - Stop attacking. g - Guard the area. f - Follow me.
Anything else - Cancel.
You shout for attention!
You start waiting.
The centaur is too close now for your liking.
What are your orders? t - Shout!
Orders for allies: a - Attack new target. r - Retreat! s - Stop attacking. g - Guard the area. f - Follow me.
Anything else - Cancel.
You shout for attention!
You hear a shout!
There is a stone staircase leading up here.
You start waiting.
You are feeling hungry.
What are your orders? t - Shout!
Orders for allies: a - Attack new target. r - Retreat! s - Stop attacking. g - Guard the area. f - Follow me.
Anything else - Cancel.
You shout for attention!
You start waiting.
Done waiting.
The centaur shouts!
The centaur shoots an arrow.
The arrow hits you!
You see here an arrow.
The centaur shoots an arrow.
The arrow barely misses you.
You see here an arrow.
The centaur shoots an arrow.
The arrow hits you.
You see here an arrow.
You feel quick.
The centaur shoots an arrow.
The arrow barely misses you.
You see here an arrow.
The centaur shoots an arrow.
The arrow hits you!
* * * LOW HITPOINT WARNING * * *
You see here an arrow.
The centaur shoots an arrow.
The arrow hits you!
* * * LOW HITPOINT WARNING * * *
There is a stone staircase leading up here.
You see here an arrow.
Okay, then.
Okay, then.
The centaur shoots an arrow.
The arrow hits you!
You die...

#....#
#....#
#....######
######
#.....c.c.#
#########.#
#.# #.# #(#
#(# #@# #.#
###


You could see a centaur.

Vanquished Creatures
  4 scorpions
  4 killer bees (D:5)
  A crimson imp (D:5)
  2 hounds
  2 iguanas
  A worker ant (D:4)
  3 adders
  2 worms (D:2)
  A dart slug (D:2)
  5 leopard geckos
  3 orcs (D:3)
  4 giant cockroaches
  10 goblins
  5 hobgoblins
  2 jackals (D:2)
  2 quokkas (D:4)
  5 bats
  2 frilled lizards (D:1)
  A jackal zombie (D:4)
  5 kobolds
  A leopard gecko skeleton (D:4)
  7 rats
72 creatures vanquished.

Notes
Turn   | Place    | Note
-------+----------+-------------------------------------------
     0 | D:1      | aurelian the Tengu Air Elementalist began the quest for the
                  | Orb.
     0 | D:1      | Reached XP level 1. HP: 10/10 MP: 4/4
   306 | D:1      | Reached XP level 2. HP: 15/15 MP: 1/6
   926 | D:1      | Learned a level 2 spell: Swiftness
  1119 | D:2      | Reached XP level 3. HP: 19/19 MP: 5/7
  1151 | D:2      | Found a radiant altar of Vehumet.
  1167 | D:2      | Became a worshipper of Vehumet
  2393 | D:3      | Noticed an orc warrior
  2399 | D:2      | Reached skill level 5 in Air Magic
  2837 | D:3      | Found a faded altar of an unknown god.
  2930 | D:3      | Reached XP level 4. HP: 24/24 MP: 4/8
  3009 | D:2      | Learned a level 4 spell: Airstrike
  4337 | D:3      | Gained mutation: You can fly. [Tengu growth]
  4337 | D:3      | Reached XP level 5. HP: 28/28 MP: 3/10
  4407 | D:4      | Reached * piety under Vehumet
  4407 | D:4      | Offered knowledge of Sting by Vehumet.
  4506 | D:4      | Reached skill level 6 in Air Magic
  4647 | D:5      | Entered Level 5 of the Dungeon
  4765 | D:4      | Reached XP level 6. HP: 11/32 MP: 3/11
  5131 | D:4      | Reached skill level 5 in Conjurations
  5605 | D:5      | Reached skill level 7 in Air Magic
  5973 | D:4      | Reached XP level 7. HP: 19/36 MP: 4/13
  6365 | D:5      | Learned a level 5 spell: Lightning Bolt
  6833 | D:5      | Shot with an arrow by a centaur

Vault maps used:
D:1:      onia_arrival_pyramid
D:2:      lemuel_doored_altar, serial_park_tiny_1, kennysheep_small_spiral
D:3:      chequers_ecumenical_altar_lobes
D:4:      first_ration
D:5:      lemuel_ratsnest, temple_hall, uniq_menkaure

Skill      XL: |  1  2  3  4  5  6  7 |
---------------+----------------------+-----
Conjurations   | 2 3 4 5 6 |  6.5
Air Magic      | 5 6 7 |  7.7
Spellcasting   | 3 |  3.7
Dodging        | |  2.1
Stealth        | |  2.1

Action                   |  1- 3 |  4- 6 |  7- 9 || total
-------------------------+-------+-------+-------++-------
Melee: Unarmed           |     2 |       |       ||     2
       Kick              |     1 |       |       ||     1
 Cast: Shock             |   100 |   101 |    12 ||   213
       Airstrike         |       |     3 |     5 ||     8
       Swiftness         |       |       |     1 ||     1
  Use: Scroll            |     5 |    10 |       ||    15
 Stab: Sleeping          |     1 |       |       ||     1
  Eat: Chunk             |     7 |     3 |       ||    10
       Ration            |       |     2 |     1 ||     3
Armor: Robe              |     4 |     2 |       ||     6
Dodge: Dodged            |    21 |     6 |     3 ||    30

Table legend:
 A = Non-vault XP
 B = Vault XP
 C = Vault XP percentage of total XP
 D = Non-vault monster count
 E = Vault monster count
 F = Vault count percentage of total count
                 A         B        C        D         E       F
            +---------+---------+-------+---------+---------+-------
      Total |     928 |       0 |   0.0 |      72 |       0 |   0.0
            +---------+---------+-------+---------+---------+-------
        D:1 |      27 |       0 |   0.0 |      17 |       0 |   0.0
        D:2 |      35 |       0 |   0.0 |      15 |       0 |   0.0
        D:3 |     111 |       0 |   0.0 |      16 |       0 |   0.0
        D:4 |     289 |       0 |   0.0 |      15 |       0 |   0.0
        D:5 |     466 |       0 |   0.0 |       9 |       0 |   0.0
            +---------+---------+-------+---------+---------+-------
